 Dungeon Crawl Stone Soup version 0.29.0-13-gc9e81de378 (webtiles) character file.

Game seed: 18158546852876079460

37 ILmort the Skirmisher (level 3, 0/31 HPs)
             Began as a Gnoll Hunter on Sept 10, 2022.
             Was a Believer of Cheibriados.
             Slain by Sigmund
             ... wielding a +2 scythe of venom
              (9 damage)
             ... on level 2 of the Dungeon.
             The game lasted 00:05:05 (645 turns).

ILmort the Skirmisher (Gnoll Hunter)                 Turns: 645, Time: 00:05:06

Health: 0/31       AC:  3    Str: 14    XL:     3   Next: 39%
Magic:  4/4        EV: 14    Int: 12    God:    Cheibriados [**....]
Gold:   47         SH:  0    Dex: 21    Spells: 3/3 levels left

rFire   . . .      SeeInvis .   a - +0 shortbow
rCold   . . .      Faith    .   (shield currently unavailable)
rNeg    . . .      Spirit   .   c - +0 leather armour
rPois   .          Reflect  .   (no helmet)
rElec   .          Harm     .   (no cloak)
rCorr   .          Rampage  .   (no gloves)
Will    .....                   (no boots)
Stlth   +.........              (no amulet)
HPRegen 0.10/turn               (no ring)
MPRegen 0.09/turn               (no ring)

@: confused, very slow
A: fangs 1, strong nose, distributed training
a: Renounce Religion, Bend Time


You were on level 2 of the Dungeon.
You worshipped Cheibriados.
Cheibriados was pleased with you.
You visited 1 branch of the dungeon, and saw 2 of its levels.

You collected 165 gold pieces.
You spent 118 gold pieces at shops.

Inventory:

Hand Weapons
 a - a +0 shortbow (weapon)
 b - a +0 great sword
Armour
 c - a +0 leather armour (worn)
Scrolls
 f - a scroll of teleportation {unknown}
 g - a scroll of enchant armour {unknown}
 h - a scroll of identify
 i - a scroll of enchant weapon {unknown}
 k - a scroll of immolation
 l - a scroll of fear {unknown}
 m - 2 scrolls of noise
Potions
 d - a potion of might {unknown}
 j - a potion of brilliance {unknown}


   Skills:
 + Level 4.5 Fighting
 + Level 0.8 Short Blades
 + Level 0.8 Long Blades
 + Level 0.8 Axes
 + Level 0.8 Maces & Flails
 + Level 0.8 Polearms
 + Level 0.8 Staves
 + Level 8.5 Ranged Weapons
 + Level 0.8 Throwing
 + Level 0.8 Armour
 + Level 4.5 Dodging
 + Level 2.4 Stealth
 + Level 0.8 Shields
 + Level 0.8 Unarmed Combat
 + Level 0.8 Spellcasting
 + Level 0.5 Conjurations
 + Level 0.5 Hexes
 + Level 0.5 Summonings
 + Level 0.5 Necromancy
 + Level 0.5 Translocations
 + Level 0.5 Transmutations
 + Level 0.5 Fire Magic
 + Level 0.5 Ice Magic
 + Level 0.5 Air Magic
 + Level 0.5 Earth Magic
 + Level 0.5 Poison Magic
 + Level 1.0 Invocations
 + Level 0.8 Evocations


You had 3 spell levels left.
You didn't know any spells.
Your spell library was empty.

Dungeon Overview and Level Annotations

Branches:
Dungeon (2/15)

Altars:
Cheibriados

Shops:
D:2 *![[

Annotations:
D:2 Sigmund


Innate Abilities, Weirdness & Mutations

You have very sharp teeth.
Your uncanny sense of smell can sniff out nearby items.
Your experience applies equally to all skills.


Message History

You feel better.
You hear some strange, mumbled words.
You are confused.
You bump into the rock wall.
You hear some strange, mumbled words.
You are more confused.
You hear some strange, mumbled words.
You are more confused.
You bump into the rock wall.
A magic dart appears from out of thin air!
The magic dart hits you.
* * * LOW HITPOINT WARNING * * *
Something hits you.
* * * LOW HITPOINT WARNING * * *
You are lethally poisoned!
You feel better.
Sigmund appears from thin air!
Reactivating autopickup.
Sigmund casts a spell at you.
You are confused.
Non-targeted confused fire: a) +0 shortbow You shoot an arrow.
Sigmund gestures at you while chanting. The puff of flame misses you.
Non-targeted confused fire: a) +0 shortbow Look: Sigmund, wielding a +2 scythe of venom and wearing a +0 robe (moderately wounded)
Okay, then.
Non-targeted confused fire: a) +0 shortbow Look: Sigmund, wielding a +2 scythe of venom and wearing a +0 robe (moderately wounded)
You shoot an arrow. The arrow misses Sigmund.
Sigmund mumbles some strange words.
Sigmund flickers and vanishes!
Deactivating autopickup; reactivate with Ctrl-A.
Non-targeted confused fire: a) +0 shortbow
Okay, then.
A magic dart appears from out of thin air!
The magic dart hits you.
* * * LOW HITPOINT WARNING * * *
Something hits you!
You die...

#..∩.## ......#..
##....###### #.#.....
####......# #....## ##.....#
#######.....##
####.....###............#
#........#...#####......#
#..........###..##......##
#.....†.........##.......#
####.....@.##.............
####..)...{##..#....#.....
#.......#...........#..##.
##.#...#....##....#......##
##...#.#..##...............#
#.....∩.......###..##.......
#....#.#.....## #......###.#
#...#...#.....# #......# #.#
#..........##.# #..##..# #..


There were no monsters in sight!

Vanquished Creatures
  A worm (D:2)
  3 dart slugs (D:1)
  A ball python (D:2)
  2 endoplasms
  A giant cockroach (D:1)
  5 goblins
  4 hobgoblins
  2 quokkas (D:1)
  3 kobolds
  2 rats
24 creatures vanquished.

Notes
Turn   | Place    | Note
-------+----------+-------------------------------------------
     0 | D:1      | ILmort the Gnoll Hunter began the quest for the Orb.
     0 | D:1      | Reached XP level 1. HP: 20/20 MP: 1/1
    25 | D:1      | Found a faded altar of an unknown god.
    37 | D:1      | Prayed at the altar of an unknown god.
    37 | D:1      | Became a worshipper of Cheibriados the Contemplative
    37 | D:1      | Reached * piety under Cheibriados
    73 | D:1      | Reached XP level 2. HP: 26/26 MP: 2/2
   309 | D:1      | Reached XP level 3. HP: 27/31 MP: 3/3
   436 | D:2      | Found Xuatt's Armour Shoppe.
   437 | D:2      | Found Yriumiam's Armour Emporium.
   486 | D:2      | Noticed Sigmund
   512 | D:2      | Found Abucwo's Distillery.
   515 | D:2      | Reached ** piety under Cheibriados
   516 | D:2      | Reached skill level 1 in Invocations
   532 | D:2      | Bought a potion of curing for 39 gold pieces
   532 | D:2      | Bought a potion of curing for 39 gold pieces
   538 | D:2      | Found Zazo Fog's Assorted Antiques.
   560 | D:2      | Bought a scroll labelled ERHAVV KEPAPN for 20 gold pieces
   560 | D:2      | Bought a scroll labelled MAIRIH XEYM for 20 gold pieces
   638 | D:2      | HP: 1/31 [something (2)]
   645 | D:2      | Slain by Sigmund

Illustrated notes

Levels and vault maps discovered:
D:1:      wander_arrival_desolate, layout_rooms, basic_ecumenical_altar,
          serial_bayou_pond_c
D:2:      layout_rooms, serial_shops, nicolae_shop_advertising_works
          [nicolae_subvault_shop_adworks], shop_statue, shop_statue, shop,
          shop_coins, uniq_crazy_yiuf_cottage, uniq_sigmund

Skill      XL: |  1  2  3 |
---------------+----------+-----
Invocations    | 1 |  1.0
Fighting       | |  4.5
Short Blades   | |  0.8
Long Blades    | |  0.8
Axes           | |  0.8
Maces & Flails | |  0.8
Polearms       | |  0.8
Staves         | |  0.8
Ranged Weapons | |  8.5
Throwing       | |  0.8
Armour         | |  0.8
Dodging        | |  4.5
Stealth        | |  2.4
Shields        | |  0.8
Unarmed Combat | |  0.8
Spellcasting   | |  0.8
Conjurations   | |  0.5
Hexes          | |  0.5
Summonings     | |  0.5
Necromancy     | |  0.5
Translocations | |  0.5
Transmutations | |  0.5
Fire Magic     | |  0.5
Ice Magic      | |  0.5
Air Magic      | |  0.5
Earth Magic    | |  0.5
Poison Magic   | |  0.5
Evocations     | |  0.8

Action                   || total
-------------------------++-------
 Fire: Shortbow          ||    47
  Use: Potion            ||     4
       Scroll            ||     1
Armor: Leather armour    ||     1
Dodge: Dodged            ||     3
